 Dungeon Crawl Stone Soup version 0.23.0 (webtiles) character file.

Game seed: 3981886600408240003

271672 Gorice the Brawler (level 20, -6/164 HPs)
             Began as a Demonspawn Monk on Feb 17, 2019.
             Was the Champion of Kikubaaqudgha.
             Mangled by a shock serpent (12 damage)
             ... on level 2 of the Snake Pit.
             The game lasted 03:03:31 (48489 turns).

Gorice the Brawler (Demonspawn Monk)               Turns: 48489, Time: 03:03:33

Health: -6/164     AC: 19    Str: 19    XL:     20   Next: 15%
Magic:  26/26      EV: 11    Int: 13    God:    Kikubaaqudgha [******]
Gold:   905        SH:  3    Dex: 14    Spells: 14/19 levels left

rFire    . . .     SeeInvis .     - Unarmed
rCold    + . .     Gourm    .   (no shield)
rNeg     . . .     Faith    .   g - +2 plate armour {rC+}
rPois    +         Spirit   .   (helmet unavailable)
rElec    .         Reflect  +   U - scarf {repulsion}
rCorr    .         Harm     .   (gloves unavailable)
MR       +....                  (no boots)
Stlth    ..........             i - +3 amulet of reflection
HPRegen  0.37/turn              e - +3 ring of evasion
MPRegen  0.20/turn              p - ring of poison resistance

@: repel missiles
A: claws 3, hooves 2, horns 3, clumsy 1, foul stench 1, spiny 2, rot immunity
a: Receive Corpses, Torment, Brand Weapon With Pain, Receive Necronomicon,
Renounce Religion


You were on level 2 of the Snake Pit.
You worshipped Kikubaaqudgha.
Kikubaaqudgha was exalted by your worship.
You were not hungry.

You visited 5 branches of the dungeon, and saw 27 of its levels.
You also visited: Bailey and Volcano.

You collected 2663 gold pieces.
You spent 1758 gold pieces at shops.

Inventory:

Hand Weapons
 b - a +2 whip of freezing
   (You took it off a gnoll on level 2 of the Dungeon)
 h - a +1 executioner's axe of flaming
   (You found it in a volcano)
 B - a +0 blowgun
Missiles
 l - 14 tomahawks (quivered)
 G - 9 javelins
 Z - 2 throwing nets {!f}
Armour
 g - a +2 plate armour of cold resistance (worn)
   (You took it off an orc warrior on level 2 of the Orcish Mines)
 D - a +0 cloak
 U - a scarf of repulsion (worn)
   (You found it on level 15 of the Dungeon)
Magical Staves
 P - an uncursed staff of poison {unknown}
Jewellery
 e - a +3 ring of evasion (left claw)
 f - an uncursed ring of protection from fire
 i - a +3 amulet of reflection (around neck)
 p - a ring of poison resistance (right claw)
 F - an uncursed ring of flight
 I - an uncursed ring of ice
Wands
 m - a wand of scattershot (3)
 o - a wand of polymorph (6)
 q - a wand of digging (5)
 v - a wand of paralysis (5)
 C - a wand of iceblast (3)
 L - a wand of disintegration (15)
 M - a wand of acid (10)
 R - a wand of flame (76)
Scrolls
 d - 8 scrolls of teleportation {!r}
 j - a scroll of acquirement {!r}
 s - 3 scrolls of magic mapping {!r}
 y - 7 scrolls of identify
 z - 7 scrolls of remove curse
 A - a scroll of fear {!r}
 E - 5 scrolls of blinking
 N - a scroll of enchant armour
Potions
 a - 3 potions of cancellation {!q}
 k - a potion of heal wounds {!q}
 n - 3 potions of agility {!q}
 r - a potion of lignification {!q}
 t - 11 potions of curing
 u - 7 potions of haste {!q}
 w - 4 potions of might {!q}
 x - 2 potions of invisibility {!q}
 H - 2 potions of resistance {!q}
 J - a potion of berserk rage
 K - a potion of brilliance {!q}
Comestibles
 c - 34 rations


   Skills:
 - Level 16.0 Fighting
 - Level 3.3 Axes
 + Level 4.7 Throwing
 - Level 16.0 Armour
 - Level 2.6 Dodging
 - Level 1.7 Stealth
 + Level 17.4 Unarmed Combat
 - Level 8.0 Evocations


You had 14 spell levels left.
You knew the following spells:

 Your Spells              Type           Power        Failure   Level  Hunger
J - Blink                 Tloc           N/A          99%         2    ###....
R - Regeneration          Chrm/Necr      #.........   100%        3    ####...

Your spell library contained the following spells:

 Spells                   Type           Power        Failure   Level  Hunger
 Animate Skeleton         Necr           N/A          98%         1    ##.....
 Beastly Appendage        Tmut           #.....       98%         1    ##.....
 Corona                   Hex            #......      98%         1    ##.....
 Freeze                   Ice            #...         98%         1    ##.....
 Infusion                 Chrm           #...         98%         1    ##.....
 Magic Dart               Conj           #...         98%         1    ##.....
 Pain                     Necr           #...         98%         1    ##.....
 Summon Small Mammal      Summ           #...         98%         1    ##.....
 Call Imp                 Summ           #.......     99%         2    ###....
 Corpse Rot               Necr           N/A          99%         2    ###....
 Ensorcelled Hibernation  Hex/Ice        #.....       99%         2    ###....
 Searing Ray              Conj           #.....       99%         2    ###....
 Shroud of Golubria       Chrm/Tloc      #.........   99%         2    ###....
 Slow                     Hex            #.......     99%         2    ###....
 Song of Slaying          Chrm           #.......     99%         2    ###....
 Sticks to Snakes         Tmut           #.......     99%         2    ###....
 Sublimation of Blood     Necr           #.........   99%         2    ###....
 Throw Frost              Conj/Ice       #.....       99%         2    ###....
 Call Canine Familiar     Summ           #.......     100%        3    ####...
 Confuse                  Hex            #.......     100%        3    ####...
 Conjure Flame            Conj/Fire      #.......     100%        3    ####...
 Dazzling Spray           Conj/Hex       #.....       100%        3    ####...
 Mephitic Cloud           Conj/Pois/Air  #.......     100%        3    ####...
 Ozocubu's Armour         Chrm/Ice       #.......     100%        3    ####...
 Spectral Weapon          Hex/Chrm       #.......     100%        3    ####...
 Spider Form              Tmut/Pois      #.........   100%        3    ####...
 Summon Guardian Golem    Hex/Summ       #.......     100%        3    ####...
 Tukima's Dance           Hex            #.......     100%        3    ####...
 Vampiric Draining        Necr           #.........   100%        3    ####...
 Animate Dead             Necr           N/A          100%        4    #####..
 Force Lance              Conj/Tloc      #.......     100%        4    #####..
 Fulminant Prism          Conj/Hex       #.........   100%        4    #####..
 Ice Form                 Ice/Tmut       #.......     100%        4    #####..
 Iskenderun's Mystic Bla  Conj           #.......     100%        4    #####..
 Summon Ice Beast         Ice/Summ       #.......     100%        4    #####..
 Summon Lightning Spire   Summ/Air       #.......     100%        4    #####..
 Throw Icicle             Conj/Ice       #.......     100%        4    #####..
 Agony                    Necr           #.......     100%        5    ######.
 Blade Hands              Tmut           #.........   100%        5    ######.
 Bolt of Draining         Conj/Necr      #.........   100%        5    ######.
 Borgnjor's Vile Clutch   Necr/Erth      #.........   100%        5    ######.
 Dispel Undead            Necr           #.......     100%        5    ######.
 Ozocubu's Refrigeration  Ice            #.........   100%        6    #######
 Simulacrum               Ice/Necr       #.........   100%        6    #######


Dungeon Overview and Level Annotations

Branches:
Dungeon (15/15)            Temple (1/1) D:5            Lair (6/6) D:8
 Shoals (0/4) Lair:2        Snake (3/4) Lair:2        Slime (0/5) Lair:6
    Orc (2/2) D:10            Elf (0/3) Orc:2        Vaults (0/5) D:14
 Depths (0/5) D:15

Altars:
Ashenzari
Cheibriados
Dithmenos
Elyvilon
Fedhas
Gozag
Hepliaklqana
Kikubaaqudgha
Makhleb
Nemelex Xobeh
Okawaru
Qazlal
Ru
Sif Muna
Trog
Uskayaw
Vehumet
Wu Jian
Xom
Yredelemnul
Zin
The Shining One
Beogh
Jiyva

Shops:
D:5 !   D:6 }   D:9 ?   D:10 %   D:11 ?   D:14 [   Orc:2 :!(!

Portals:
Pandemonium: Orc:2

Annotations:
Lair:3 exclusion: oklob plant
Lair:4 exclusion: 3 oklob plants


Innate Abilities, Weirdness & Mutations

You have claws for hands.
You have hoof-like feet.
You have a pair of large horns on your head.
You may emit foul miasma when damaged in melee.
You are mostly covered in sharp spines.
You are immune to rotting.
You are clumsy. (Dex -2)


Message History

The shock serpent's electric aura discharges, shocking you!
Damage: 12 (max 50)
You claw the shock serpent! You kick the shock serpent.
Your claw misses the shock serpent.
The shock serpent is severely wounded.
The shock serpent's electric aura discharges, shocking you!
Damage: 5 (max 50)
Your plate armour prevents you from hitting the shock serpent.
Your kick misses the shock serpent. Your headbutt misses the shock serpent.
The shock serpent is severely wounded.
The shock serpent shoots out a bolt of lightning at you!
The bolt of electricity hits you!
Damage: 10 (max 50)
You scratch the shock serpent but do no damage.
Your headbutt misses the shock serpent.
The shock serpent is severely wounded.
The shock serpent shoots out a bolt of lightning at you!
The bolt of electricity hits you!!
Damage: 27 (max 50)
You closely miss the shock serpent.
The shock serpent is heavily wounded.
The shock serpent is struck by your spines.
The shock serpent bites you. The shock serpent shocks you!
* * * LOW HITPOINT WARNING * * *
The shock serpent's electric aura discharges, shocking you!
* * * LOW HITPOINT WARNING * * *
Damage: 23 (max 50) Evoke which item? (* to show all) (? for menu, Esc to quit)
Aiming: Paralyse
Press: ? - help, Shift-Dir - straight line, f - shock serpent
Aim: a shock serpent (severely wounded, chance to defeat MR: 51%)
The shock serpent resists with significant effort.
The shock serpent is struck by your spines.
The shock serpent barely misses you. The shock serpent bites you!
* * * LOW HITPOINT WARNING * * *
The shock serpent shocks you!
* * * LOW HITPOINT WARNING * * *
The shock serpent looks sick.
Damage: 22 (max 50) Evoke which item? (* to show all) (? for menu, Esc to quit)
Aiming: Paralyse
Press: ? - help, Shift-Dir - straight line, f/p - shock serpent
Aim: a shock serpent (severely wounded, sick, chance to defeat MR: 51%)
The shock serpent resists with significant effort.
The shock serpent is struck by your spines.
The shock serpent bites you!
* * * LOW HITPOINT WARNING * * *
The shock serpent shocks you!
You die...
Kikubaaqudgha rasps: "You have failed me!
Welcome... death!"

......#...####.##.#..# #.).#)....
..###.#####.........## ##[##.....
....###............######........
.....###...##......###...........
..PP..##...##............#.......
.≈.≈≈P#.....##...........#.......
≈.≈♣.........##...#......#.>.....
≈≈≈≈P≈♣..#...##.........##.......
≈≈≈.≈.P.##.....S@......##........
≈P≈≈.♣..##.....>#............#...
≈≈♣≈≈......##..###...........##..
.......#....##..#...........##...
...........................##....
..........................##.....
........................###......
......^........(.....##..........
......####..........##...........


You could see a shock serpent.

Vanquished Creatures
  Vashnia (Snake:2)
  Frances (Snake:2)
  A nagaraja (Snake:1)
  An orc warlord (Bailey)
  A stone giant (D:13)
  A dire elephant (Lair:6)
  Josephine (D:11)
  Fannar (D:10)
  9 naga warriors
  A rakshasa (D:15)
  6 hydras
  12 anacondas
  A catoblepas (Lair:6)
  2 centaur warriors (D:14)
  A catoblepas (shapeshifter) (D:14)
  6 two-headed ogres
  A deep troll shaman (Lair:6)
  20 death yaks
  8 orc high priests (Orc:2)
  A tengu warrior (D:15)
  6 shock serpents
  17 naga sharpshooters
  A deep elf knight (D:11)
  The ghost of Lovchig the Cleaver, a novice DDFi of Makhleb (D:7)
  2 sun demons (Orc:2)
  A hell knight (Volcano)
  A salamander mystic (Volcano)
  An unseen horror (D:12)
  A gelid demonspawn (Orc:2)
  5 sea snakes
  4 naga ritualists
  An infernal demonspawn (Orc:2)
  A glowing orange brain (D:15)
  2 torturous demonspawn (Orc:2)
  5 orc knights
  A lindwurm (shapeshifter) (D:15)
  A wolf spider zombie (D:15)
  2 manticores
  2 deep elf magi
  6 mana vipers
  7 salamanders
  4 cyclopes
  4 orc sorcerers (Orc:2)
  10 ugly things
  36 black mambas
  3 guardian serpents
  5 elephants
  A smoke demon (Orc:2)
  11 naga magi
  9 spiny frogs
  A torpor snail (Lair:3)
  A gargoyle (D:15)
  5 komodo dragons
  A kobold demonologist (D:12)
  An ice devil (Orc:2)
  An efreet (D:15)
  A rime drake (Lair:3)
  7 trolls
  6 meliai
  A hornet (D:15)
  2 polar bears (Lair:6)
  A wolf spider simulacrum (D:15)
  A polar bear (shapeshifter) (D:14)
  15 blink frogs
  10 slime creatures
  8 hippogriffs
  A snapping turtle (Lair:2)
  4 shadows
  Sigmund (D:3)
  Eustachio (D:6)
  4 wyverns
  3 basilisks
  23 yaks
  4 wraiths (D:11)
  10 vampire mosquitoes
  4 hungry ghosts
  2 steam dragons
  2 chaos spawn (Orc:2)
  28 nagas
  A soldier ant (shapeshifter) (D:14)
  2 wargs
  A soldier ant (D:12)
  9 water moccasins
  5 porcupines
  3 black bears
  2 eyes of draining
  A necrophage (D:14)
  27 orc warriors
  3 ice beasts
  2 sky beasts
  6 ogres
  3 phantoms
  14 wolves
  9 centaurs
  12 crocodiles
  5 big kobolds
  Blork the orc (D:4)
  A gnoll sergeant (D:9)
  15 bullfrogs
  A wyvern skeleton (D:12)
  4 scorpions
  12 killer bees
  8 wights
  5 electric eels
  A howler monkey (D:2)
  5 crimson imps
  4 centaur zombies
  A quasit (D:8)
  3 jellies
  33 orc priests
  5 hounds
  3 bullfrog skeletons
  5 centaur skeletons
  Crazy Yiuf (D:5)
  6 iguanas
  9 worker ants
  15 orc wizards
  A hound skeleton (D:11)
  A worker ant zombie (D:11)
  6 gnolls
  26 adders
  A shadow imp (D:9)
  3 oozes
  An adder skeleton (D:5)
  5 dart slugs
  6 leopard geckos
  89 orcs
  6 giant cockroaches
  18 hobgoblins
  8 jackals
  3 quokkas
  2 ball pythons
  6 bats
  6 frilled lizards
  17 goblins
  47 kobolds
  A quokka zombie (D:5)
  8 rats
880 creatures vanquished.

Vanquished Creatures (others)
  A kobold (Bailey)
  5 fungi
  19 plants
  2 withered plants (D:7)
27 creatures vanquished.

Grand Total: 907 creatures vanquished

Notes
Turn   | Place    | Note
-------+----------+-------------------------------------------
     0 | D:1      | Gorice the Demonspawn Monk began the quest for the Orb.
     0 | D:1      | Reached XP level 1. HP: 18/18 MP: 1/1
   498 | D:1      | Reached skill level 3 in Axes
   667 | D:1      | Gained mutation: You have sharp fingernails. [demonic
                  | ancestry]
   667 | D:1      | Reached XP level 2. HP: 21/24 MP: 2/2
   787 | D:1      | Reached skill level 1 in Unarmed Combat
   792 | D:1      | HP: 7/24 [kobold (3)]
  1129 | D:1      | Gained mutation: You have a pair of small horns on your
                  | head. [demonic ancestry]
  1129 | D:1      | Reached XP level 3. HP: 26/29 MP: 3/3
  1447 | D:2      | Found a deep blue altar of Sif Muna.
  1450 | D:2      | Found a glowing silver altar of Zin.
  1450 | D:2      | Found a shadowy altar of Dithmenos.
  1450 | D:2      | Found a hazy altar of Hepliaklqana.
  1450 | D:2      | Found a shimmering altar of Xom.
  1572 | D:2      | Reached skill level 2 in Unarmed Combat
  1841 | D:2      | Reached skill level 1 in Armour
  1841 | D:2      | Reached XP level 4. HP: 30/35 MP: 4/4
  2237 | D:2      | Reached skill level 3 in Unarmed Combat
  2281 | D:2      | Gained mutation: You have very sharp fingernails. [demonic
                  | ancestry]
  2281 | D:2      | Reached XP level 5. HP: 37/41 MP: 5/5
  2482 | D:2      | Found a basalt altar of Yredelemnul.
  2778 | D:2      | Reached skill level 2 in Armour
  2980 | D:3      | Reached skill level 4 in Unarmed Combat
  3046 | D:2      | Gained mutation: You have a pair of horns on your head.
                  | [demonic ancestry]
  3046 | D:2      | Reached XP level 6. HP: 42/47 MP: 6/6
  3170 | D:3      | Noticed Sigmund
  3588 | D:3      | Found a snail-covered altar of Cheibriados.
  3750 | D:3      | Reached skill level 3 in Armour
  3863 | D:3      | Killed Sigmund
  3863 | D:3      | Reached skill level 5 in Unarmed Combat
  3863 | D:3      | Reached XP level 7. HP: 50/52 MP: 7/7
  4181 | D:4      | Found a blossoming altar of Fedhas.
  4287 | D:4      | Found a sacrificial altar of Ru.
  4600 | D:4      | Found a transporter.
  4618 | D:4      | Found a transporter.
  4867 | D:4      | Reached skill level 6 in Unarmed Combat
  4997 | D:4      | Reached skill level 4 in Armour
  5237 | D:5      | Entered Level 5 of the Dungeon
  5237 | D:5      | Found Liniq's Distillery.
  5265 | D:5      | Found a stormy altar of Qazlal.
  5292 | D:5      | Noticed Blork the orc
  5519 | D:5      | Found a staircase to the Ecumenical Temple.
  5623 | D:4      | Killed Blork the orc
  5623 | D:4      | Reached XP level 8. HP: 19/58 MP: 8/8
  6099 | D:5      | Bought a potion of degeneration for 14 gold pieces
  6099 | D:5      | Bought a potion of invisibility for 112 gold pieces
  6119 | Temple   | Entered the Ecumenical Temple
  6311 | Temple   | Became a worshipper of Kikubaaqudgha
  6311 | Temple   | Reached * piety under Kikubaaqudgha
  6311 | Temple   | Identified Kikubaaqudgha's Papyrus of Black Rites
                  | (Kikubaaqudgha gifted it to you in the Ecumenical Temple)
  6311 | Temple   | Received a gift from Kikubaaqudgha
  6311 | Temple   | Reached ** piety under Kikubaaqudgha
  6317 | Temple   | Learned a level 3 spell: Regeneration
  6489 | D:5      | Got a bloodstained battleaxe
  6490 | D:5      | Identified the cursed +0 battleaxe "Popteana" {chop, rF+
                  | Str+3 Dex+4} (You found it on level 5 of the Dungeon)
  6531 | D:5      | Reached skill level 7 in Unarmed Combat
  6573 | D:5      | Found a runed translucent door.
  6574 | D:5      | Noticed Crazy Yiuf
  6579 | D:5      | Killed Crazy Yiuf
  6770 | D:5      | Bought a potion of agility for 56 gold pieces
  6974 | D:6      | Noticed Eustachio
  6998 | D:6      | Killed Eustachio
  6998 | D:6      | Reached skill level 5 in Armour
  7007 | D:5      | HP: 16/58 [poisoned by Eustachio]
  7012 | D:5      | HP: 11/58 [poisoned by Eustachio]
  7017 | D:5      | HP: 8/58 [poisoned by Eustachio]
  7022 | D:5      | HP: 6/58 [poisoned by Eustachio]
  7027 | D:5      | HP: 5/58 [poisoned by Eustachio]
  7035 | D:5      | HP: 4/58 [poisoned by Eustachio]
  7043 | D:5      | HP: 4/58 [poisoned by Eustachio]
  7415 | D:6      | Found a hide-covered altar of Uskayaw.
  7767 | D:6      | Reached skill level 8 in Unarmed Combat
  7775 | D:6      | Found Gick's Gadget Emporium.
  7921 | D:7      | Found a runed translucent door.
  7921 | D:7      | Noticed Lovchig's ghost (novice DDFi)
  8303 | D:7      | Got a warped long sword
  8438 | D:7      | Reached XP level 9. HP: 61/63 MP: 9/9
  8444 | D:7      | Noticed a two-headed ogre
  9279 | D:7      | Reached skill level 6 in Armour
  9310 | D:8      | Reached skill level 9 in Unarmed Combat
  9330 | D:8      | Reached *** piety under Kikubaaqudgha
  9330 | D:8      | Identified Kikubaaqudgha's Compendium of Darkness
                  | (Kikubaaqudgha gifted it to you on level 8 of the Dungeon)
  9330 | D:8      | Received a gift from Kikubaaqudgha
 10116 | D:8      | Reached skill level 10 in Unarmed Combat
 10442 | D:8      | Found a staircase to the Lair.
 10455 | Lair:1   | Entered Level 1 of the Lair of Beasts
 10521 | Lair:1   | Reached skill level 7 in Armour
 10537 | Lair:1   | HP: 17/63 [blink frog (14)]
 10539 | Lair:1   | HP: 4/63 [blink frog (14)]
 10541 | Lair:1   | Reached XP level 10. HP: 34/70 MP: 10/10
 11427 | Lair:2   | Reached skill level 11 in Unarmed Combat
 11590 | Lair:2   | Noticed a six-headed hydra
 11612 | Lair:2   | Found a staircase to the Snake Pit.
 11815 | Lair:2   | Reached skill level 8 in Armour
 11852 | Lair:2   | Killed a six-headed hydra
 12051 | Lair:2   | Reached skill level 12 in Unarmed Combat
 12317 | Lair:2   | HP: 21/70 [komodo dragon (2)]
 12324 | Lair:2   | HP: 14/70 [wolf (2)]
 13072 | Lair:3   | Noticed a spiny frog
 13088 | Lair:3   | Killed a spiny frog
 13088 | Lair:3   | Gained mutation: You have large cloven feet. [demonic
                  | ancestry]
 13088 | Lair:3   | Reached XP level 11. HP: 38/75 MP: 11/11
 13100 | Lair:3   | HP: 22/75 [poisoned by a spiny frog]
 13105 | Lair:2   | HP: 20/75 [poisoned by a spiny frog]
 13111 | Lair:2   | HP: 18/75 [poisoned by a spiny frog]
 13117 | Lair:2   | HP: 17/75 [poisoned by a spiny frog]
 13125 | Lair:2   | HP: 17/75 [poisoned by a spiny frog]
 13473 | Lair:3   | Noticed an oklob plant
 13506 | Lair:3   | Reached skill level 9 in Armour
 13582 | Lair:3   | Reached **** piety under Kikubaaqudgha
 13721 | Lair:3   | HP: 22/75 [blink frog (2)]
 14004 | Lair:3   | HP: 21/75 [poisoned by a black mamba]
 14009 | Lair:3   | HP: 18/75 [poisoned by a black mamba]
 14014 | Lair:3   | HP: 15/75 [poisoned by a black mamba]
 14019 | Lair:3   | HP: 15/75 [poisoned by a black mamba]
 14025 | Lair:3   | HP: 14/75 [poisoned by a black mamba]
 14032 | Lair:3   | HP: 13/75 [poisoned by a black mamba]
 14298 | Lair:3   | Noticed a death yak
 14298 | Lair:3   | Noticed a death yak
 14298 | Lair:3   | Noticed a death yak
 14298 | Lair:3   | Noticed a death yak
 14298 | Lair:3   | Noticed a death yak
 14302 | Lair:3   | Noticed a death yak
 14308 | Lair:3   | HP: 19/75 [blink frog (10)]
 14835 | D:9      | Reached skill level 13 in Unarmed Combat
 15017 | D:9      | Noticed a two-headed ogre
 15142 | D:8      | Reached skill level 1 in Evocations
 15514 | D:9      | Noticed a two-headed ogre
 15536 | D:9      | Found Foujel's Magic Scroll Shoppe.
 15905 | D:9      | Bought a scroll of identify for 26 gold pieces
 16138 | D:10     | Entered Level 10 of the Dungeon
 16201 | D:10     | Reached skill level 2 in Evocations
 16398 | D:10     | Found Xyaroibb's Food Shop.
 16476 | D:10     | Reached skill level 4 in Fighting
 16489 | D:10     | Noticed Fannar
 16529 | D:10     | Killed Fannar
 16529 | D:10     | Reached skill level 3 in Evocations
 16879 | D:10     | Reached skill level 10 in Armour
 17126 | D:10     | Found a staircase to the Orcish Mines.
 17275 | D:9      | Killed a two-headed ogre
 17890 | Orc:1    | Entered Level 1 of the Orcish Mines
 18110 | D:10     | Reached skill level 5 in Fighting
 18230 | Orc:1    | Reached skill level 4 in Evocations
 18389 | D:11     | Found Resya's Magic Scroll Emporium.
 18614 | D:11     | Noticed Josephine
 18619 | D:11     | Noticed a cyan ugly thing
 18633 | D:11     | Killed a cyan ugly thing
 18633 | D:11     | Gained mutation: You have a pair of large horns on your
                  | head. [demonic ancestry]
 18633 | D:11     | Reached XP level 12. HP: 73/86 MP: 15/15
 18644 | D:11     | Killed Josephine
 18864 | D:11     | Reached skill level 5 in Evocations
 18870 | D:11     | Reached skill level 6 in Fighting
 19442 | Lair:3   | Noticed a five-headed hydra
 19451 | Lair:3   | HP: 24/88 [five-headed hydra (11)]
 19452 | Lair:3   | Killed a five-headed hydra
 19479 | Lair:3   | HP: 16/89 [water moccasin (6)]
 19484 | Lair:3   | HP: 15/89 [water moccasin (2)]
 20269 | Lair:4   | Reached skill level 6 in Evocations
 20445 | Lair:4   | Noticed a four-headed hydra
 20462 | Lair:4   | Killed a four-headed hydra
 20462 | Lair:4   | Reached skill level 7 in Fighting
 20462 | Lair:4   | Reached skill level 11 in Armour
 20573 | Lair:4   | Noticed a four-headed hydra
 20984 | Lair:4   | Reached ***** piety under Kikubaaqudgha
 21128 | Lair:4   | Killed a four-headed hydra
 21128 | Lair:4   | Reached skill level 7 in Evocations
 22267 | Lair:3   | Killed a death yak
 22267 | Lair:3   | Reached skill level 8 in Fighting
 22521 | Lair:3   | Killed a death yak
 22725 | Lair:3   | Gained mutation: You have hoof-like feet. [demonic
                  | ancestry]
 22725 | Lair:3   | Reached XP level 13. HP: 49/98 MP: 18/18
 23124 | Lair:3   | Reached skill level 8 in Evocations
 23513 | Lair:5   | Found a dark tunnel.
 23521 | Volcano  | Entered a volcano
 23582 | Volcano  | Found a radiant altar of Vehumet.
 23681 | Volcano  | Reached skill level 9 in Fighting
 23681 | Volcano  | Reached skill level 12 in Armour
 24559 | Lair:5   | HP: 26/102 [death yak (12)]
 25087 | Lair:5   | Reached skill level 10 in Fighting
 25483 | Lair:6   | Entered Level 6 of the Lair of Beasts
 25788 | Lair:6   | Found a viscous altar of Jiyva.
 25788 | Lair:6   | Found a staircase to the Slime Pits.
 26422 | Lair:6   | Reached skill level 13 in Armour
 26721 | Lair:5   | HP: 20/105 [death yak (13)]
 27517 | Lair:5   | Reached skill level 11 in Fighting
 27805 | Lair:6   | Gained mutation: You are immune to rotting. [demonic
                  | ancestry]
 27805 | Lair:6   | Reached XP level 14. HP: 77/113 MP: 20/20
 29318 | Lair:6   | Got an ichor-stained ring mail
 29345 | Lair:6   | Identified the +4 ring mail of Pantheism {*Slow +Blink
                  | rPois rN+++} (You found it on level 6 of the Lair of
                  | Beasts)
 29521 | Lair:2   | Found a staircase to the Shoals.
 29887 | Orc:2    | Entered Level 2 of the Orcish Mines
 30215 | Orc:2    | Found a roughly hewn altar of Beogh.
 30244 | Orc:2    | Paralysed by an orc sorcerer for 4 turns
 30324 | Orc:2    | Found a staircase to the Elven Halls.
 31145 | Orc:2    | Found Ijodamoi's Distillery.
 31532 | Orc:2    | Found Faecooph's Distillery.
 32000 | Orc:2    | Bought a potion of heal wounds for 75 gold pieces
 32000 | Orc:2    | Bought a potion of heal wounds for 75 gold pieces
 32426 | Orc:2    | Reached skill level 12 in Fighting
 32508 | Orc:2    | Gained mutation: You are clumsy. (Dex -2) [a neqoxec]
 32840 | Orc:2    | Reached skill level 14 in Armour
 33875 | Orc:2    | Found Fuoniho's Antique Weapon Shoppe.
 33875 | Orc:2    | Found Nobiug's Book Emporium.
 33875 | Orc:2    | Found a one-way gate leading to the halls of Pandemonium.
 33908 | Orc:2    | Bought 2 potions of experience for 1400 gold pieces
 33909 | Orc:2    | Reached skill level 15 in Armour
 33909 | Orc:2    | Gained mutation: You may emit foul miasma when damaged in
                  | melee. [demonic ancestry]
 33909 | Orc:2    | Reached XP level 15. HP: 122/122 MP: 21/21
 33910 | Orc:2    | Gained mutation: You have claws for hands. [demonic
                  | ancestry]
 33910 | Orc:2    | Reached XP level 16. HP: 129/129 MP: 22/22
 34100 | D:12     | Noticed a storm dragon
 34453 | D:11     | Reached ****** piety under Kikubaaqudgha
 34571 | D:12     | Reached skill level 13 in Fighting
 34855 | D:12     | HP: 39/130 [poisoned by a redback]
 34906 | D:12     | HP: 32/130 [something (11)]
 34915 | D:12     | HP: 36/130 [manticore (7)]
 34918 | D:12     | HP: 17/130 [manticore/volley of spikes (12)]
 34920 | D:12     | HP: 8/130 [troll (9)]
 35606 | D:12     | Reached skill level 16 in Armour
 37448 | D:12     | Gained mutation: You are partially covered in sharp spines.
                  | [demonic ancestry]
 37448 | D:12     | Reached XP level 17. HP: 64/138 MP: 23/23
 37899 | D:14     | Found a gate to the Vaults.
 37944 | D:14     | Found a flagged portal.
 37977 | Bailey   | Entered a bailey
 38120 | Bailey   | Found a runed translucent gate.
 38122 | Bailey   | Found a runed translucent gate.
 38124 | Bailey   | Found a runed translucent gate.
 38350 | Bailey   | Identified Sif Muna's Collected Works on Ice
 38409 | Bailey   | Reached skill level 14 in Unarmed Combat
 38409 | Bailey   | Reached XP level 18. HP: 145/145 MP: 24/24
 38410 | Bailey   | Reached skill level 15 in Unarmed Combat
 38410 | Bailey   | Gained mutation: You are mostly covered in sharp spines.
                  | [demonic ancestry]
 38410 | Bailey   | Reached XP level 19. HP: 151/151 MP: 25/25
 38654 | D:14     | Found Quidal's Antique Armour Boutique.
 38656 | D:14     | Reached skill level 14 in Fighting
 39013 | D:15     | Entered Level 15 of the Dungeon
 39482 | D:15     | Identified a scroll of acquirement
 40295 | D:15     | Found a staircase to the Depths.
 41012 | D:7      | Killed Lovchig's ghost
 41137 | Snake:1  | Entered Level 1 of the Snake Pit
 41516 | Snake:1  | Reached skill level 15 in Fighting
 41891 | Snake:1  | Learned a level 2 spell: Blink
 41933 | Snake:1  | Reached skill level 16 in Unarmed Combat
 43672 | Snake:1  | HP: 44/157 [naga sharpshooter/bolt (21)]
 43675 | Snake:1  | HP: 20/157 [naga sharpshooter/bolt (21)]
 43680 | Snake:1  | HP: 20/157 [poisoned by a naga sharpshooter (splash of
                  | poison)]
 44631 | Snake:2  | Noticed Vashnia
 44756 | Snake:1  | HP: 46/157 [naga sharpshooter/arrow[Vashnia] (14)]
 44764 | Lair:2   | HP: 46/157 [poisoned by a naga (splash of poison)]
 44772 | Lair:2   | HP: 46/157 [poisoned by a naga (splash of poison)]
 45167 | Snake:2  | Noticed Frances
 45804 | Snake:1  | HP: 38/157 [salamander/+0 halberd (14)]
 45806 | Snake:1  | HP: 18/157 [salamander/+0 halberd (14)]
 46243 | Snake:1  | Reached skill level 16 in Fighting
 46658 | Snake:2  | Reached skill level 17 in Unarmed Combat
 46781 | Snake:2  | Reached skill level 1 in Throwing
 46926 | Snake:2  | Reached skill level 2 in Throwing
 47047 | Snake:2  | HP: 46/157 [shock serpent (12)]
 47426 | Snake:2  | Reached XP level 20. HP: 147/164 MP: 26/26
 47477 | Snake:2  | Reached skill level 3 in Throwing
 47529 | Snake:2  | Killed Vashnia
 47763 | Snake:2  | Reached skill level 4 in Throwing
 48121 | Snake:2  | Killed Frances
 48487 | Snake:2  | HP: 45/164 [shock serpent (13)]
 48488 | Snake:2  | HP: 15/164 [shock serpent (14)]
 48489 | Snake:2  | HP: 6/164 [shock serpent (10)]
 48489 | Snake:2  | Mangled by a shock serpent

Skill      XL: |  1  2  3  4  5  6  7  8  9 10 11 12 13 14 15 16 17 18 19 20 |
---------------+-------------------------------------------------------------+-----
Axes           | 3 |  3.3
Unarmed Combat | 1 2 3 4 5 6 8 10 12 13 14 15 17 | 17.4
Armour         | 1 2 3 4 5 7 8 10 11 13 15 16 | 16.0
Evocations     | 4 7 8 |  8.0
Fighting       | 5 8 11 12 13 16 | 16.0
Throwing       | 2 4 |  4.7
Dodging        | |  2.6
Stealth        | |  1.7

Action                   |  1- 3 |  4- 6 |  7- 9 | 10-12 | 13-15 | 16-18 | 19-21 || total
-------------------------+-------+-------+-------+-------+-------+-------+-------++-------
Melee: Hand axe          |   156 |    15 |       |       |       |       |       ||   171
       Headbutt          |    11 |    32 |    62 |   154 |   194 |    68 |   155 ||   676
       Whip              |       |    37 |       |    22 |     5 |     6 |       ||    70
       Unarmed           |       |   173 |   420 |   731 |   688 |   338 |   694 ||  3044
       Punch             |       |       |     8 |    30 |    41 |    15 |    38 ||   132
       Kick              |       |       |       |   200 |   267 |   103 |   232 ||   802
       Flail             |       |       |       |     3 |       |       |       ||     3
Throw: Stone             |       |    15 |    27 |    24 |       |       |       ||    66
       Tomahawk          |       |       |    16 |    17 |     1 |       |     5 ||    39
       Javelin           |       |       |       |     7 |     7 |     8 |       ||    22
       Throwing net      |       |       |       |       |       |       |     2 ||     2
 Abil: Evoke Flight      |       |       |       |       |       |     2 |       ||     2
Evoke: Wand              |       |       |     5 |    21 |     8 |     1 |    10 ||    45
  Use: Potion            |     1 |       |     1 |     1 |     2 |     5 |       ||    10
       Scroll            |       |     6 |     8 |    16 |     3 |     6 |     6 ||    45
 Stab: Sleeping          |     2 |       |       |       |       |       |       ||     2
       Paralysed         |       |       |       |    13 |     7 |       |     1 ||    21
  Eat: Chunk             |     3 |     7 |    23 |    35 |    26 |    16 |    16 ||   126
       Ration            |       |       |       |     1 |     3 |     1 |     5 ||    10
Armor: Robe              |    12 |       |       |       |       |       |       ||    12
       Scale mail        |    31 |    96 |       |       |       |       |       ||   127
       Chain mail        |       |    51 |   142 |    20 |       |       |       ||   213
       Plate armour      |       |       |       |   297 |   241 |   205 |   244 ||   987
Dodge: Dodged            |   100 |   189 |   169 |   313 |   234 |   212 |   263 ||  1480
       Deflected         |       |     4 |     5 |       |       |       |    64 ||    73
Block: Other             |       |       |       |    68 |    47 |    40 |    63 ||   218
       Reflection        |       |       |       |       |       |     9 |     8 ||    17

Table legend:
 A = Turns spent in this place as a percentage of turns spent in the entire game.
 B = Non-inter-level travel turns spent in this place as a percentage of non-inter-level travel turns spent in the entire game.
 C = Inter-level travel turns spent in this place as a percentage of turns spent in this place.
 D = Turns resting spent in this place as a percentage of non-inter-level travel turns spent in this place.
 E = Turns spent auto-exploring this place as a percentage of non-inter-level travel turns spent in this place.
 F = Non-inter-level travel turns spent in this place divided by the number of levels of this place that you've seen.
                   A       B       C       D       E      F
               +-------+-------+-------+-------+-------+----------------------
         Total | 100.0 | 100.0 |   5.5 |  46.5 |  26.4 | 1579.2
       Dungeon |  44.3 |  43.7 |   6.8 |  36.9 |  33.2 | 1335.1
        Temple |   0.5 |   0.4 |  16.3 |   0.0 |  95.3 | 190.0
          Lair |  30.8 |  31.1 |   4.5 |  54.0 |  25.1 | 2374.5
     Snake Pit |  13.7 |  13.6 |   6.0 |  57.7 |  18.6 | 2078.3
  Orcish Mines |   8.8 |   9.0 |   3.0 |  57.6 |  11.1 | 2068.5
        Bailey |   0.9 |   1.0 |   0.0 |  20.5 |  10.3 | 439.0
       Volcano |   1.1 |   1.1 |   0.0 |  25.8 |   7.1 | 523.0
               +-------+-------+-------+-------+-------+----------------------

Levels and vault maps discovered:
D:1:      mushboom_english_gardens, layout_basic
D:2:      layout_loops_ring, marbit_many_paths, grunt_temple_overflow_open,
          minmay_close_crescents
D:3:      layout_rooms, kennysheep_slug_shrine, first_ration, uniq_sigmund
D:4:      gammafunk_steamed_eel, layout_basic, overflow_temple_1_default,
          lemuel_round_altar, st_stairs_7
D:5:      layout_rooms, grunt_qazlal_sundering,
          minmay_temple_entry_statues_fountains, serial_shops, shop,
          uniq_blork_the_orc, uniq_crazy_yiuf_cottage
D:6:      black_bear_nest_1, layout_rooms, nicolae_overflow_crystal_walls,
          serial_shops, shop, nrook_mini_backslash, uniq_eustachio
D:7:      layout_basic, gammafunk_ghost_grave
D:8:      layout_cave_pools, lair_entry_dummy, grunt_pizzeria
D:9:      layout_gridville, serial_shops, nicolae_shop_waterfront
D:10:     layout_loops_ring, david_orc_1_choice, serial_glass, glass_columns_c,
          glass_columns_b, serial_shops, kennysheep_little_box, uniq_fannar
D:11:     layout_long_grid, serial_shops, nicolae_shop_crystal,
          minmay_microvault, uniq_josephine
D:12:     minmay_diamond_stairs, layout_irregular_city
D:13:     layout_long_grid
D:14:     layout_roguey, david_vaults_2, serial_shops, shop, enter_bailey_2
D:15:     gammafunk_enter_depths_forms, layout_irregular_city
Temple:   minmay_temple_curvy_loop
Lair:1:   layout_gridlike
Lair:2:   layout_hall_layers, minmay_shoals_entry_hut, dummy_snake_entry
Lair:3:   layout_chaotic_city, minivault_26
Lair:4:   layout_regular_city, wad_woods_river_03, grunt_megastairs_2,
          minmay_lair_oklob_chamber
Lair:5:   layout_big_grid, nicolae_volcano_entry_s_turn, minivault_26
Lair:6:   grunt_lair_end_beastmaster, layout_long_grid, slime_altar_1,
          infiniplex_staircase_pool
Snake:1:  layout_gridlike, hangedman_snake_sidewinding
Snake:2:  layout_onion, serial_bayou_pond_b, grunt_megastairs_4,
          serial_bayou_shore_a, uniq_frances, uniq_vashnia
Snake:3:  minmay_snake_river, layout_misc_corridors, minmay_shoptagon,
          grunt_megastairs_1, serial_bayou_shore_b, lemuel_fruit_tree,
          serial_bayou_shore_b
Orc:1:    layout_diamond_mine
Orc:2:    pf_orc_diabolical, layout_caves, basic_altar
Bailey:   bailey_axe_bossmonster_kennysheep, bailey
Volcano:  kennysheep_volcano_temple
